 Dungeon Crawl Stone Soup version 0.31-a0-339-gda1cbd555d (webtiles) character file.

Game seed: 10999041984008669526

17124 GordonOverkill the Skirmisher (level 12, -2/70 HPs)
             Began as a Vine Stalker Hunter on July 20, 2023.
             Was an Elder of Okawaru.
             Succumbed to a meliai's poison
             ... on level 10 of the Dungeon.
             The game lasted 00:39:39 (15764 turns).

GordonOverkill the Skirmisher (VSHu)               Turns: 15764, Time: 00:39:39

Health: -2/70      AC: 12    Str: 16    XL:     12   Next: 44%
Magic:  7/17       EV: 11    Int:  9    God:    Okawaru [****..]
Gold:   508        SH:  0    Dex: 21    Spells: 14/17 levels left

rFire   + . .        a - +0 shortbow
rCold   . . .        (shield currently unavailable)
rNeg    . . .        N - +3 ring mail
rPois   .            x - +0 helmet
rElec   .            s - +1 cloak
rCorr   .            (no gloves)
SInv    +            F - +0 pair of boots
Will    +....        (no amulet)
Stlth   ++           n - ring "Cacvocs" {Wiz rF+ Slay+2 Stlth+}
HPRegen 1.11/turn    d - ring of see invisible
MPRegen 0.15/turn

%: guardian spirit, wizardry (x1)
@: lethally poisoned (-2 -> -21)
A: fangs 3, regeneration 1, magic shield, antimagic bite, no potion heal 2
a: Renounce Religion, Heroism, Finesse


You were on level 10 of the Dungeon.
You worshipped Okawaru.
Okawaru was greatly pleased with you.
You visited 2 branches of the dungeon, and saw 13 of its levels.
You also visited: Sewer.

You collected 508 gold pieces.

Inventory:

Hand Weapons
 a - a +0 shortbow (weapon)
 p - a +2 short sword of speed
 u - a +4 hand axe of freezing
Missiles
 l - 2 curare-tipped darts
 G - 2 throwing nets
Armour
 s - a +1 cloak (worn)
 x - a +0 helmet (worn)
 F - a +0 pair of boots (worn)
 N - a +3 ring mail (worn)
Jewellery
 d - a ring of see invisible (right hand)
 n - the ring "Cacvocs" (left hand) {Wiz rF+ Slay+2 Stlth+}
   (You found it on level 2 of the Dungeon)

   [ring of wizardry]

   It improves your spell success rate.
   Slay:      It affects your accuracy & damage with ranged weapons and melee
   (+2).
   rF:        It protects you from fire.
   Stlth:     It makes you more stealthy.
 t - a ring of willpower
 y - a ring of willpower
 B - a ring of poison resistance
 M - a ring of fire
Talismans
 f - a beast talisman
 m - a maw talisman
Wands
 g - a wand of polymorph (2)
 C - a wand of roots (1)
 J - a wand of flame (16)
Scrolls
 b - 2 scrolls of butterflies
 c - 2 scrolls of amnesia
 h - 5 scrolls of teleportation
 j - 2 scrolls of enchant weapon
 o - a scroll of brand weapon
 r - a scroll of vulnerability
 w - 2 scrolls of silence
 A - a scroll of immolation {unknown}
 D - a scroll of torment {unknown}
 H - a scroll of poison {unknown}
 K - a scroll of revelation
 L - a scroll of fog {unknown}
Potions
 e - 5 potions of curing
 k - a potion of might
 q - a potion of enlightenment
 v - 2 potions of lignification
 z - 2 potions of ambrosia
 E - 2 potions of cancellation
 I - a potion of mutation
 P - a potion of resistance {unknown}


   Skills:
 + Level 11.2 Fighting
 + Level 11.6 Ranged Weapons
 - Level 1.5 Dodging
 - Level 1.2 Stealth
 - Level 3.0 Spellcasting
 - Level 5.0 Hexes
 - Level 5.0 Translocations
 - Level 5.0 Invocations
 - Level 5.0 Evocations


You had 14 spell levels left.
You knew the following spells:

 Your Spells              Type           Power      Damage    Failure   Level
a - Portal Projectile     Hex/Tloc       20%        N/A       9%          3

Your spell library contained the following spells:

 Spells                   Type           Power      Damage    Failure   Level
 Magic Dart               Conj           4%         1d3       22%         1
 Volatile Blastmotes      Fire/Tloc      10%        2d10      24%         3
 Sublimation of Blood     Necr           1%         N/A       32%         2
 Wereblood                Tmut           1%         N/A       32%         2
 Mephitic Cloud           Conj/Pois/Air  1%         N/A       52%         3
 Fulminant Prism          Conj/Hex       2%         3d5       58%         4
 Iskenderun's Mystic Bla  Conj/Tloc      5%         2d3       58%         4
 Petrify                  Tmut/Erth      1%         N/A       89%         4
 Irradiate                Conj/Tmut      0%         3d11      99%         5
 Tukima's Dance           Hex            Unusable   N/A       N/A         3
 Call Imp                 Summ           Unusable   N/A       N/A         2
 Summon Hydra             Summ           Unusable   N/A       N/A         7

Dungeon Overview and Level Annotations

Branches:
Dungeon (12/15)            Temple (1/1) D:6            Lair (0/5) D:10
    Orc (0/2) D:10          Sewer (visited)

Altars:
Ashenzari
Cheibriados
Dithmenos
Elyvilon
Fedhas
Gozag
Hepliaklqana
Kikubaaqudgha
Makhleb
Nemelex Xobeh
Okawaru
Qazlal
Ru
Sif Muna
Trog
Uskayaw
Vehumet
Wu Jian
Xom
Yredelemnul
Zin
The Shining One

Annotations:
D:2 exclusion: downstairs
D:7 2 transporters
D:11 1 runed translucent door, Essalna's ghost, journeyman TrSh


Innate Abilities, Weirdness & Mutations

You have razor-sharp teeth.
Your natural rate of healing is unusually fast.
When hurt, damage is shared between your health and your magic reserves.
Your bite disrupts and absorbs the magic of your enemies.
Potions cannot restore your health.


Message History

You are covered in liquid flames!
You feel very sick. The meliai hits you but does no damage.
The meliai closely misses you.
Items here: ( ) ††.
You feel very sick. The meliai hits you.
* * * LOW HITPOINT WARNING * * *
The meliai stings you.
* * * LOW HITPOINT WARNING * * *
You are more poisoned.
The meliai poisons you!
There is a stone staircase leading up, spattered with blood here.
You feel extremely sick. The meliai hits you but does no damage.
The meliai stings you.
* * * LOW HITPOINT WARNING * * *
The meliai hits you but does no damage. The meliai stings you!
* * * LOW HITPOINT WARNING * * *
You climb upwards.
Level annotation: 1 runed translucent door, Essalna's ghost, journeyman TrSh You feel like a meek peon again.
* * * LOW HITPOINT WARNING * * *
You feel extremely sick.
There is a stone staircase leading down, spattered with blood here.
Okay, then.
Okay, then.
Okay, then.
Okay, then.
Okay, then.
Blink to where?
Press: ? - help, Dir - move target
As you read the scroll of blinking, it crumbles to dust.
* * * LOW HITPOINT WARNING * * *
You feel very sick.
* * * LOW HITPOINT WARNING * * *
You feel very sick. The meliai hits you but does no damage.
The meliai stings you.
* * * LOW HITPOINT WARNING * * *
You are lethally poisoned!
The meliai poisons you!
You climb upwards.
You die...

.##..#
#...................####.
.##..#
#...................# #.
.##..#
#..............##...# #.
.##..#
#.........)....##...# #.
.##..#
#..............##...# #.
.##..#
#..............##...# #.
.##..#
#..............##...# #.
.##..#
#..............##...# #.
.##..#
#.......@......##...# #.
.##..#
#..............##...# #.
>##..#
#..............##...# #.
.....#
#..............##...# #.
######
##################### ##


There were no monsters in sight!

Vanquished Creatures
  A fire dragon (D:12)
  Harold (D:11)
  A centaur warrior (D:12)
  5 two-headed ogres
  A deep elf pyromancer (D:12)
  A cyclops (D:12)
  An unseen horror (D:11)
  A gargoyle (D:10)
  2 komodo dragons
  A slime creature (D:11)
  Sigmund (D:4)
  4 wyverns
  17 yaks
  3 shadows
  3 basilisks
  3 steam dragons
  3 vampire mosquitoes (D:11)
  2 acid dragons (D:11)
  Duvessa (D:4)
  2 water moccasins
  3 orc warriors
  2 black bears
  2 ice beasts (D:6)
  2 ogres (D:5)
  3 centaurs
  3 kobold brigands
  8 bullfrogs
  A gnoll sergeant (D:10)
  3 scorpions
  17 wights
  Dowan (D:4)
  17 killer bees
  5 howler monkeys
  An electric eel (D:9)
  2 hounds (D:5)
  3 jellies (D:6)
  8 orc priests
  Crazy Yiuf (D:3)
  2 sleepcaps
  A gnoll bouda (D:6)
  Jessica (D:3)
  4 iguanas
  6 orc wizards
  10 gnolls
  2 river rats (Sewer)
  8 adders
  2 shadow imps
  An ufetubus (D:7)
  2 worms
  3 dart slugs
  31 orcs
  4 bats
  9 endoplasms
  9 giant cockroaches
  5 goblins
  8 hobgoblins
  2 jackals (Sewer)
  4 quokkas
  4 ball pythons
  A frilled lizard (D:2)
  22 kobolds
  8 rats
285 creatures vanquished.

Vanquished Creatures (others)
  An orc wizard (D:8)
  A kobold (D:8)
2 creatures vanquished.

Grand Total: 287 creatures vanquished

Notes
Turn   | Place    | Note
-------+----------+-------------------------------------------
     0 | D:1      | GordonOverkill the Vine Stalker Hunter began the quest for
                  | the Orb.
     0 | D:1      | Reached XP level 1. HP: 11/11 MP: 2/2
   135 | D:1      | Reached XP level 2. HP: 15/15 MP: 3/3
   443 | D:1      | Reached XP level 3. HP: 19/19 MP: 4/4
  1324 | D:2      | Identified the ring "Cacvocs" {Wiz rF+ Slay+2 Stlth+}
  1800 | D:2      | Gained mutation: Your natural rate of healing is unusually
                  | fast. [Vine Stalker growth]
  1800 | D:2      | Reached XP level 4. HP: 8/23 MP: 2/5
  2166 | D:2      | Reached XP level 5. HP: 28/28 MP: 6/6
  2297 | D:3      | Noticed Jessica
  2330 | D:3      | Killed Jessica
  2331 | D:3      | Reached skill level 5 in Ranged Weapons
  2684 | D:3      | Found a runed translucent door.
  2685 | D:3      | Noticed Crazy Yiuf
  2698 | D:3      | Killed Crazy Yiuf
  2699 | D:3      | Reached XP level 6. HP: 5/33 MP: 1/7
  2849 | D:4      | Noticed a black bear
  3140 | D:4      | Killed a black bear
  3164 | D:4      | Noticed Sigmund
  3180 | D:4      | Killed Sigmund
  3181 | D:4      | Reached skill level 5 in Fighting
  3181 | D:4      | Reached skill level 1 in Evocations
  3181 | D:4      | Reached XP level 7. HP: 39/39 MP: 8/8
  3238 | D:4      | Found a glowing drain.
  3256 | Sewer    | Entered a sewer
  3476 | Sewer    | Found a white marble altar of Elyvilon.
  3673 | D:4      | Noticed Duvessa
  3681 | D:4      | Noticed Dowan
  3692 | D:4      | Killed Duvessa
  3707 | D:4      | Killed Dowan
  3762 | D:4      | Gained mutation: You have razor-sharp teeth. [Vine Stalker
                  | growth]
  3762 | D:4      | Reached XP level 8. HP: 43/44 MP: 9/9
  3959 | D:5      | Entered Level 5 of the Dungeon
  4964 | D:6      | Learned a level 3 spell: Portal Projectile
  5173 | D:6      | Reached skill level 1 in Spellcasting
  5173 | D:6      | Reached skill level 1 in Hexes
  5173 | D:6      | Reached skill level 1 in Translocations
  5173 | D:6      | Reached XP level 9. HP: 46/49 MP: 11/11
  5279 | D:6      | Found a staircase to the Ecumenical Temple.
  5774 | Temple   | Entered the Ecumenical Temple
  5793 | Temple   | Became a worshipper of Warmaster Okawaru
  6167 | D:6      | Reached skill level 1 in Invocations
  6687 | D:6      | Found a staircase to the Ecumenical Temple.
  6938 | D:7      | Reached * piety under Okawaru
  7111 | D:7      | Reached skill level 5 in Evocations
  7146 | D:7      | Found a transporter.
  7195 | D:7      | Found a transporter.
  7233 | D:7      | Reached XP level 10. HP: 53/55 MP: 13/15
  7370 | D:7      | Noticed a green ugly thing
  7921 | D:8      | Noticed a two-headed ogre
  7929 | D:8      | Killed a two-headed ogre
  7929 | D:8      | Reached ** piety under Okawaru
  9384 | D:9      | Found a broken altar of Ashenzari.
  9431 | D:9      | Reached *** piety under Okawaru
 10344 | D:9      | Noticed a two-headed ogre
 10377 | D:9      | Reached skill level 5 in Hexes
 10384 | D:9      | Reached skill level 5 in Translocations
 10384 | D:9      | Reached XP level 11. HP: 40/60 MP: 0/16
 10523 | D:9      | Noticed a two-headed ogre
 11272 | D:9      | Killed a two-headed ogre
 11272 | D:9      | Reached **** piety under Okawaru
 11273 | D:9      | Reached skill level 5 in Invocations
 11429 | D:10     | Entered Level 10 of the Dungeon
 11505 | D:10     | Found a staircase to the Orcish Mines.
 11896 | D:10     | Noticed a two-headed ogre
 11908 | D:10     | Killed a two-headed ogre
 12669 | D:10     | Reached skill level 10 in Ranged Weapons
 13673 | D:10     | Found a staircase to the Lair.
 14238 | D:11     | Found a runed translucent door.
 14238 | D:11     | Found a shimmering altar of Xom.
 14238 | D:11     | Noticed a +2 flail of chaos
 14238 | D:11     | Noticed Essalna's ghost (journeyman TrSh)
 14241 | D:11     | Identified the +1 chain mail "Kaghen" {*Corrode Int+2
                  | Dex+3}
 14417 | D:11     | Noticed Harold
 14461 | D:11     | Reached skill level 10 in Fighting
 14484 | D:11     | Killed Harold
 14637 | D:11     | Reached XP level 12. HP: 49/67 MP: 6/17
 14875 | D:11     | Noticed a two-headed ogre
 14888 | D:11     | Killed a two-headed ogre
 15465 | D:12     | Noticed a two-headed ogre
 15500 | D:11     | Killed a two-headed ogre
 15563 | D:12     | Noticed a fire dragon
 15595 | D:12     | Killed a fire dragon
 15607 | D:12     | Noticed a centaur warrior
 15731 | D:12     | Killed a centaur warrior
 15764 | D:10     | Succumbed to a meliai's poison

Illustrated notes

Levels and vault maps discovered:
D:1:      roderic_crossed_star, layout_basic, serial_bayou, serial_bayou_pond_e,
          serial_bayou_shore_a, serial_bayou_pond_c, serial_bayou_pond_b
D:2:      layout_basic
D:3:      layout_basic, chequers_serial_rivers_micro_d, serial_bayou_pond_a,
          uniq_crazy_yiuf_cottage, uniq_jessica
D:4:      layout_loops_ring, gup_sewer_entry_bubbles, uniq_duvessa, uniq_sigmund
D:5:      layout_basic
D:6:      layout_loops_cross, minmay_temple_entry_tees
D:7:      gammafunk_the_bubble [the_bubble_gammafunk_split], layout_basic,
          hangedman_decor_riveting, chequers_serial_rivers_large_a
D:8:      layout_basic, minmay_misc_feat_more_columns
D:9:      layout_layer_cave, lemuel_round_altar, grunt_decor_one_mirror,
          kennysheep_generic_room_16
D:10:     layout_long_grid, erik_lair_dragon, minmay_orc_entry_temple_small
D:11:     layout_roguey, ebering_ghost_xom, serial_corexii_hall,
          corexii_hall_statues_x, corexii_hall_statues_i, uniq_harold
D:12:     minmay_isolated_rectangles_in_corner, layout_cave_pools, serial_shops,
          bzr_entry_water, patterned_corridor
Temple:   nicolae_temple_bog_church

Skill      XL: |  1  2  3  4  5  6  7  8  9 10 11 12 |
---------------+-------------------------------------+-----
Fighting       | 2 3 4 5 6 7 8 10 11 | 11.2
Ranged Weapons | 4 5 6 7 8 10 11 | 11.6
Evocations     | 1 2 4 5 |  5.0
Spellcasting   | 1 3 |  3.0
Hexes          | 1 3 5 |  5.0
Translocations | 1 3 5 |  5.0
Invocations    | 2 4 5 |  5.0
Dodging        | |  1.5
Stealth        | |  1.2

Action                     |  1- 3 |  4- 6 |  7- 9 | 10-12 || total
---------------------------+-------+-------+-------+-------++-------
  Melee: Mace              |     1 |    18 |       |       ||    19
         Bite              |       |     6 |     7 |     9 ||    22
         Short sword       |       |       |    18 |    16 ||    34
         Hand axe          |       |       |       |    19 ||    19
         Punch             |       |       |       |     1 ||     1
   Fire: Shortbow          |    86 |    93 |   406 |   645 ||  1230
   Cast: Portal Projectile |       |       |       |    35 ||    35
 Invoke: Heroism           |       |       |       |    26 ||    26
         Finesse           |       |       |       |     1 ||     1
  Evoke: Wand              |       |       |    10 |    27 ||    37
    Use: Scroll            |       |    11 |     5 |     6 ||    22
         Potion            |       |     1 |     2 |     2 ||     5
 Armour: Ring mail         |     3 |     8 |    77 |   160 ||   248
         Skin              |       |       |       |     8 ||     8
  Dodge: Dodged            |    12 |    37 |   116 |   211 ||   376
   Form: Beast             |       |     1 |       |       ||     1
                           |       |     1 |       |       ||     1

Table legend: (Time is in decaauts)
 A = Elapsed time spent in this place.
 B = Non-inter-level travel time spent in this place.
 C = Inter-level travel time spent in this place.
 D = Time resting spent in this place.
 E = Time spent auto-exploring this place.
 F = Levels seen in this place.
 G = Mean time per level.
                   A        B        C        D        E       F      G
               +--------+--------+--------+--------+--------+-----+--------+
         Total |  15886 |  14802 |   1084 |   3654 |   7271 |  14 | 1134.7 |
       Dungeon |  15561 |  14495 |   1066 |   3543 |   7224 |  12 | 1296.8 |
        Temple |     38 |     20 |     18 |      0 |      0 |   1 |   38.0 |
         Sewer |    286 |    286 |      0 |    111 |     47 |   1 |  286.0 |
               +--------+--------+--------+--------+--------+-----+--------+

Top non-repeatable levels by time:
    D:10: 2487 daAuts
     D:9: 2179 daAuts
     D:6: 1780 daAuts
    D:11: 1643 daAuts
     D:8: 1323 daAuts
     D:2: 1235 daAuts
     D:5: 1152 daAuts
     D:7: 1047 daAuts
     D:3: 918 daAuts
     D:4: 884 daAuts
     D:1: 791 daAuts
   Sewer: 286 daAuts
    D:12: 116 daAuts
  Temple: 38 daAuts
